 Dungeon Crawl Stone Soup version 0.22.0-38-g04b72b8c25 (webtiles) character file.

5838 Ponchio the Protected (level 10, -5/66 HPs)
             Began as a Gargoyle Fighter on Aug 25, 2018.
             Was a Follower of the Shining One.
             Slain by an orc warrior
             ... wielding a +0 halberd
              (13 damage)
             ... on level 8 of the Dungeon.
             The game lasted 01:08:33 (9667 turns).

Ponchio the Protected (Gargoyle Fighter)            Turns: 9667, Time: 01:08:33

Health: -5/66      AC: 17    Str: 21    XL:     10   Next: 80%
Magic:  10/10      EV: 12    Int:  8    God:    the Shining One [*.....]
Gold:   371        SH: 10    Dex: 12    Spells: 9/9 levels left

rFire    . . .     SeeInvis .   g - +0 whip
rCold    + . .     Gourm    .   c - +1 shield
rNeg     + . .     Faith    .   j - +0 ring mail
rPois    ∞         Spirit   .   a - +1 hat
rElec    +         Reflect  .   (no cloak)
rCorr    .         Harm     .   h - +1 pair of gloves
MR       +....                  (no boots)
Stlth    +.........             (no amulet)
HPRegen  0.21/turn              C - ring of protection from cold
MPRegen  0.12/turn              n - ring of protection from magic

@: glowing
A: negative energy resistance 1, electricity resistance, unbreathing,
petrification resistance, rot immunity, AC +7
a: Renounce Religion


You were on level 8 of the Dungeon.
You worshipped the Shining One.
The Shining One was aware of your devotion.
You were not hungry.

You visited 2 branches of the dungeon, and saw 9 of its levels.
You also visited: Sewer.

You collected 491 gold pieces.
You spent 120 gold pieces at shops.

Inventory:

Hand Weapons
 g - a +0 whip (weapon)
Armour
 a - a +1 hat (worn)
 c - a +1 shield (worn)
 h - a +1 pair of gloves (worn)
 j - a +0 ring mail (worn)
 v - a +2 buckler of fire resistance
Jewellery
 n - a ring of protection from magic (right hand)
 C - a ring of protection from cold (left hand)
Wands
 u - a wand of paralysis (10)
 w - a wand of iceblast (9)
 E - a wand of enslavement (9)
Scrolls
 i - a scroll of enchant armour
 l - 3 scrolls of magic mapping
 q - a scroll of enchant weapon
 t - 2 scrolls of remove curse
 x - 2 scrolls of amnesia
 y - 2 scrolls of teleportation
Potions
 d - 3 potions of might
 e - 2 potions of curing
 m - a potion of brilliance
 o - a potion of lignification
 p - a potion of invisibility
 r - a potion of flight {unknown}
 s - a potion of magic {unknown}
 z - a potion of degeneration {unknown}
 A - 2 potions of heal wounds
 D - a potion of resistance {unknown}
Comestibles
 f - 9 rations


   Skills:
 - Level 9.0 Fighting
 - Level 9.0 Maces & Flails
 + Level 9.1 Armour
 + Level 6.3 Dodging
 - Level 3.2 Shields


You had 9 spell levels left.
You didn't know any spells.
Your spell library contained the following spells:

 Spells                   Type           Power        Failure   Level  Hunger
 Beastly Appendage        Tmut           #.....       97%         1    ##.....
 Sticks to Snakes         Tmut           #.......     99%         2    ###....
 Spider Form              Tmut/Pois      #.........   100%        3    ####...
 Ice Form                 Ice/Tmut       #.......     100%        4    #####..
 Blade Hands              Tmut           #.........   100%        5    ######.


Dungeon Overview and Level Annotations

Branches:
Dungeon (8/15)             Temple (1/1) D:7
   Lair: D:8-11

Altars:
Ashenzari
Cheibriados
Dithmenos
Elyvilon
Gozag
Hepliaklqana
Kikubaaqudgha
Makhleb
Nemelex Xobeh
Okawaru
Qazlal
Ru
Sif Muna
Trog
Uskayaw
Vehumet
Wu Jian
Xom
Yredelemnul
Zin
The Shining One

Shops:
D:7 !


Innate Abilities, Weirdness & Mutations

You are resistant to torment.
Your stone body is resilient. (AC +7)
You are immune to poison.
You resist negative energy. (rN+)
You are resistant to electric shocks. (rElec)
You can survive without breathing.
You are immune to petrification.
You are immune to rotting.


Message History

The orc warrior hits you with a halberd!
* * * LOW HITPOINT WARNING * * *
Your shield prevents you from hitting the orc warrior.
The orc warrior is severely wounded.
The orc warrior hits you with a halberd!
* * * LOW HITPOINT WARNING * * *
You feel much better.
The orc warrior hits you with a halberd!!
* * * LOW HITPOINT WARNING * * *
You closely miss the orc warrior.
The orc warrior is severely wounded.
You hit the orc warrior but do no damage.
The orc warrior is severely wounded.
The orc warrior closely misses you.
You hit the orc warrior but do no damage.
The orc warrior is severely wounded.
You hit the orc warrior but do no damage.
The orc warrior is severely wounded.
The orc warrior hits you with a halberd!
You die...

#..........[..........
#.####..............##
#.....##.#.###.#
###....Y.#.# #.#
##.####.#.# #.#
###)..###.#.# #.#
#.........#.###.#
#.#...###....##.##
#@##.## #.........
#o##.# ##...#####
#.<[.# #.#.#.##
#.##(###.##.##.##
#.##.##.###.....#
#.##.###.#####.##
...#.##o##.....)>.#
..............#.#.#
.....##.#....#.##.#


You could see an orc warrior.

Vanquished Creatures
  Harold (D:8)
  A two-headed ogre (D:8)
  2 hippogriffs
  Sigmund (D:4)
  Eustachio (D:4)
  A soldier ant (D:8)
  3 orc warriors
  A phantom (D:7)
  2 sky beasts
  An ice beast (D:5)
  A black bear (D:7)
  7 ogres
  2 necrophages
  2 centaurs
  8 bullfrogs
  A scorpion (D:8)
  6 howler monkeys
  4 crimson imps
  A centaur zombie (D:3)
  2 bullfrog zombies
  2 bullfrog skeletons
  5 orc priests
  A jelly (D:8)
  A gnoll shaman (D:8)
  A hound (D:8)
  7 orc wizards
  3 iguanas
  5 worker ants
  2 hound skeletons
  A worker ant zombie (D:6)
  12 adders
  4 gnolls (D:8)
  A shadow imp (D:6)
  8 oozes (Sewer)
  An adder skeleton (D:7)
  An adder zombie (D:6)
  2 worms (D:2)
  2 dart slugs
  14 leopard geckos
  38 orcs
  11 giant cockroaches
  A goblin (D:1)
  2 hobgoblins
  4 jackals
  6 quokkas
  6 ball pythons (Sewer)
  A ball python skeleton (D:4)
  6 bats
  11 frilled lizards
  13 kobolds
  2 leopard gecko zombies
  9 rats
231 creatures vanquished.

Notes
Turn   | Place    | Note
-------+----------+-------------------------------------------
     0 | D:1      | Ponchio the Gargoyle Fighter began the quest for the Orb.
     0 | D:1      | Reached XP level 1. HP: 14/14 MP: 1/1
    82 | D:1      | Reached XP level 2. HP: 18/19 MP: 2/2
   716 | D:2      | Reached XP level 3. HP: 12/24 MP: 3/3
  1386 | D:2      | Found a sparkling altar of Nemelex Xobeh.
  1386 | D:2      | Found an ancient bone altar of Kikubaaqudgha.
  1793 | D:3      | Reached XP level 4. HP: 26/30 MP: 4/4
  1943 | D:3      | Found a glowing drain.
  1960 | D:3      | Reached XP level 5. HP: 29/34 MP: 5/5
  1972 | Sewer    | Entered a sewer
  2156 | Sewer    | Reached skill level 5 in Fighting
  2592 | Sewer    | Reached XP level 6. HP: 40/40 MP: 6/6
  3424 | D:3      | Reached skill level 5 in Maces & Flails
  3562 | D:4      | Found a glowing silver altar of Zin.
  3652 | D:4      | Found a deep blue altar of Sif Muna.
  3662 | D:4      | Noticed Eustachio
  3676 | D:4      | Reached XP level 7. HP: 28/47 MP: 7/7
  3853 | D:4      | Killed Eustachio
  4095 | D:4      | Noticed Sigmund
  4285 | D:4      | Killed Sigmund
  4285 | D:4      | Reached XP level 8. HP: 51/53 MP: 8/8
  4399 | D:5      | Entered Level 5 of the Dungeon
  4861 | D:5      | Found an opulent altar of Gozag.
  5675 | D:6      | Reached XP level 9. HP: 60/60 MP: 9/9
  6021 | D:7      | Found a staircase to the Ecumenical Temple.
  6033 | Temple   | Entered the Ecumenical Temple
  6044 | Temple   | Became a worshipper of the Shining One
  6290 | D:7      | Reached skill level 1 in Dodging
  6516 | D:7      | Identified a scroll of acquirement
  6626 | D:7      | Reached skill level 5 in Armour
  6687 | D:7      | Found Afrutteh's Distillery.
  7271 | D:8      | Reached * piety under the Shining One
  7582 | D:8      | Reached XP level 10. HP: 66/66 MP: 10/10
  8038 | D:8      | Noticed a two-headed ogre
  8247 | D:7      | Bought 2 potions of heal wounds for 120 gold pieces
  8331 | D:8      | Noticed Harold
  8370 | D:8      | Killed Harold
  8370 | D:8      | Reached skill level 5 in Dodging
  8685 | D:8      | HP: 2/66 [two-headed ogre/giant spiked club (14)]
  9368 | D:8      | Killed a two-headed ogre
  9653 | D:8      | HP: 2/66 [orc warrior/halberd (17)]
  9667 | D:8      | Slain by an orc warrior

Skill      XL: |  1  2  3  4  5  6  7  8  9 10 |
---------------+-------------------------------+-----
Fighting       | 4 5 6 7 9 |  9.0
Maces & Flails | 3 4 5 6 8 9 |  9.0
Dodging        | 4 6 |  6.3
Armour         | 6 9 |  9.1
Shields        | |  3.2

Action                   |  1- 3 |  4- 6 |  7- 9 | 10-12 || total
-------------------------+-------+-------+-------+-------++-------
Melee: Flail             |    11 |       |   161 |       ||   172
       Whip              |   164 |   510 |   444 |   385 ||  1503
Evoke: Wand              |       |     1 |     3 |     6 ||    10
  Use: Scroll            |     8 |     3 |     4 |     4 ||    19
       Potion            |       |       |     1 |     5 ||     6
 Stab: Paralysed         |       |       |    18 |       ||    18
  Eat: Chunk             |     3 |     7 |    14 |     3 ||    27
       Ration            |       |       |       |     1 ||     1
Armor: Scale mail        |    72 |   247 |       |       ||   319
       Ring mail         |       |    22 |   254 |    83 ||   359
Dodge: Dodged            |    58 |   172 |   145 |   107 ||   482
Block: Shield            |    80 |   323 |   256 |   132 ||   791
